 Dungeon Crawl Stone Soup version 0.23-a0-4-g8f018a2 (webtiles) character file.

1606 urutzu the Covert (level 8, -7/37 HPs)
             Began as a Spriggan Assassin on July 31, 2018.
             Was an Initiate of Dithmenos.
             Shot with an arrow by a centaur warrior (23 damage)
             ... created by the fury of Okawaru
             ... on level 4 of the Dungeon.
             The game lasted 00:30:45 (9150 turns).

urutzu the Covert (Spriggan Assassin)               Turns: 9150, Time: 00:30:45

Health: -7/37      AC:  3    Str:  7    XL:     8   Next: 63%
Magic:  9/9        EV: 17    Int: 13    God:    Dithmenos [......]
Gold:   306        SH:  0    Dex: 19    Spells: 7/7 levels left

rFire    . . .     SeeInvis +   a - +2 dagger
rCold    . . .     Gourm    .   (shield restricted)
rNeg     . . .     Faith    .   c - +0 robe
rPois    .         Spirit   .   (helmet restricted)
rElec    .         Reflect  .   d - +0 cloak
rCorr    .         Harm     .   (gloves unavailable)
MR       ++...                  (boots unavailable)
Stlth    ++++++....             (no amulet)
HPRegen  0.12/turn              p - ring of protection from magic
MPRegen  0.11/turn              (no ring)

@: very quick
A: very small, unfitting armour, see invisible, herbivore, speed 3, slow
metabolism 2
a: Renounce Religion


You were on level 4 of the Dungeon.
You worshipped Dithmenos.
Dithmenos was noncommittal.
You were not hungry.

You visited 2 branches of the dungeon, and saw 7 of its levels.
You also visited: Sewer.

You collected 306 gold pieces.

Inventory:

Hand Weapons
 a - a +2 dagger (weapon)
 b - a +0 blowgun
Missiles
 e - 37 poisoned needles
 i - 165 stones
 k - 5 curare-tipped needles
 u - 2 throwing nets
 B - a tomahawk of returning (quivered)
 D - 2 tomahawks
Armour
 c - a +0 robe (worn)
 d - a +0 cloak (worn)
Jewellery
 p - a ring of protection from magic (left hand)
Wands
 F - a wand of acid (4)
Scrolls
 n - a scroll of amnesia {unknown}
 o - a scroll of noise {unknown}
 q - 2 scrolls of remove curse
 s - a scroll of teleportation
 w - a scroll of fog {unknown}
 y - a scroll of magic mapping
 E - a scroll of enchant armour {unknown}
Potions
 f - 3 potions of might
 h - 3 potions of mutation
 j - 6 potions of curing
 m - a potion of ambrosia
 r - 3 potions of heal wounds {unknown}
 t - a potion of degeneration {unknown}
 v - a potion of agility {unknown}
 x - a potion of cancellation {unknown}
 z - 3 potions of flight
 A - 3 potions of brilliance
 C - a potion of lignification {unknown}
Comestibles
 g - 3 rations


   Skills:
 - Level 1.5 Fighting
 + Level 7.2 Short Blades
 - Level 2.0 Throwing
 - Level 1.5 Dodging
 * Level 14.3 Stealth


You had 7 spell levels left.
You didn't know any spells.
Your spell library contained the following spells:

 Spells                   Type           Power        Failure   Level  Hunger
 Magic Dart               Conj           #...         30%         1    ##.....
 Iskenderun's Mystic Bla  Conj           #.......     97%         4    #####..
 Fulminant Prism          Conj/Hex       #.........   97%         4    #####..
 Dazzling Spray           Conj/Hex       #.....       67%         3    ####...
 Force Lance              Conj/Tloc      #.......     97%         4    #####..
 Searing Ray              Conj           #.....       43%         2    ###....


Dungeon Overview and Level Annotations

Branches:
Dungeon (6/15)             Temple (1/1) D:6

Altars:
Dithmenos
Hepliaklqana
Kikubaaqudgha
Nemelex Xobeh
Okawaru
Qazlal
Ru
Trog
Uskayaw
Vehumet
Xom
Yredelemnul
Zin
Lugonu

Shops:
D:6 }


Innate Abilities, Weirdness & Mutations

You are very small and have problems with some larger weapons.
You are too small for most types of armour.
You have supernaturally acute eyesight. (SInv)
You are a herbivore.
You cover ground extremely quickly.
You need to consume almost no food.


Message History

You barely miss the sky beast.
The sky beast is lightly wounded.
You hit the sky beast but do no damage.
The sky beast is lightly wounded.
The sky beast hits you. The sky beast shocks you.
You closely miss the sky beast.
The sky beast is lightly wounded.
The sky beast hits you. The sky beast shocks you.
* * * LOW HITPOINT WARNING * * *
There is an escape hatch in the ceiling here.
A mysterious force pulls you upwards. The hatch slams shut behind you.
You start resting.
Okawaru sends forces against you!
A centaur warrior and a cyclops come into view.
The centaur warrior wields a shortbow.
The centaur warrior shoots an arrow.
The arrow hits you!
The arrow disappears in a puff of smoke!
The centaur warrior shoots an arrow.
The arrow hits you!!
Ouch! That really hurt!
You die...

#.# # #.## # #..# ## ##.# ##. #.#
##.. #.###### ##..# ## #.#....##
##...# .# ##.......# #..... .#
#....@...## ##..... .##
###.........## ##......
..########............# ##..#....
....##................###..######
.......###.................#
.....### ##........c..C....##
.....# ##............##..##
....## ##...........###..## ....#
###.........####..##


You could see a centaur warrior and a cyclops.

Vanquished Creatures
  A sky beast (D:5)
  3 ogres
  2 phantoms
  A centaur (D:5)
  4 big kobolds (Sewer)
  A water moccasin zombie (D:6)
  A scorpion (D:4)
  2 howler monkeys
  3 orc priests
  A hound (D:6)
  An orc wizard (D:4)
  An iguana (D:4)
  4 worker ants
  9 adders
  4 gnolls
  A howler monkey skeleton (D:4)
  An ooze (D:1)
  2 adder skeletons (D:2)
  2 adder zombies (D:2)
  3 worms
  4 dart slugs
  7 leopard geckos
  7 orcs
  A bat skeleton (D:2)
  2 bat zombies (D:2)
  6 giant cockroaches
  7 goblins
  6 hobgoblins
  9 jackals
  19 kobolds
  3 quokkas
  6 ball pythons (Sewer)
  9 bats
  2 frilled lizards (D:1)
  A giant cockroach zombie (D:2)
  2 quokka zombies
  11 rats
  A withered plant (D:5)
150 creatures vanquished.

Notes
Turn   | Place    | Note
-------+----------+-------------------------------------------
     0 | D:1      | urutzu the Spriggan Assassin began the quest for the Orb.
     0 | D:1      | Reached XP level 1. HP: 10/10 MP: 2/2
   147 | D:1      | Reached skill level 6 in Stealth
   417 | D:1      | Reached XP level 2. HP: 14/14 MP: 3/3
   718 | D:1      | Reached skill level 7 in Stealth
   724 | D:1      | Reached XP level 3. HP: 18/18 MP: 4/4
  1455 | D:2      | Reached XP level 4. HP: 22/22 MP: 5/5
  1512 | D:2      | Reached skill level 8 in Stealth
  2404 | D:3      | Reached XP level 5. HP: 25/25 MP: 6/6
  2915 | D:4      | Reached skill level 9 in Stealth
  2934 | D:4      | Found an iron altar of Okawaru.
  3050 | D:4      | Noticed a phantom
  3191 | D:5      | Entered Level 5 of the Dungeon
  3213 | D:5      | Found an ancient bone altar of Kikubaaqudgha.
  3215 | D:5      | Noticed a centaur
  3217 | D:5      | Killed a centaur
  3217 | D:5      | Reached XP level 6. HP: 30/30 MP: 7/7
  3426 | D:4      | Reached skill level 10 in Stealth
  4558 | D:4      | Found a stormy altar of Qazlal.
  4623 | D:4      | Reached skill level 5 in Short Blades
  4682 | D:4      | Reached skill level 11 in Stealth
  4682 | D:4      | Reached XP level 7. HP: 33/33 MP: 8/8
  5521 | D:4      | Reached skill level 12 in Stealth
  5788 | D:5      | Found a sacrificial altar of Ru.
  6192 | D:4      | Reached XP level 8. HP: 35/37 MP: 9/9
  6430 | D:6      | Found a staircase to the Ecumenical Temple.
  6456 | D:6      | Found a hide-covered altar of Uskayaw.
  6520 | D:6      | Reached skill level 13 in Stealth
  6550 | D:6      | Found a glowing drain.
  6555 | Sewer    | Entered a sewer
  8020 | Temple   | Entered the Ecumenical Temple
  8171 | D:4      | Became a worshipper of Warmaster Okawaru
  8680 | D:6      | Reached skill level 14 in Stealth
  8687 | D:6      | Found a shadowy altar of Dithmenos.
  8690 | D:6      | Fell from the grace of Okawaru
  8690 | D:6      | Became a worshipper of Dithmenos the Shadowed
  8732 | D:6      | Found Reih's Gadget Boutique.
  8865 | D:6      | Noticed an orc knight
  8960 | D:5      | Noticed a cyclops
  9147 | D:4      | Noticed a centaur warrior
  9147 | D:4      | Noticed a cyclops
  9150 | D:4      | Shot with an arrow by a centaur warrior

Vault maps used:
D:1:      lightli_arrival_isolated_outpost, minmay_tall_x
D:2:      serial_undead, serial_undead_c, serial_undead_f, serial_undead_d,
          serial_undead_d
D:3:      minmay_box_of_dots
D:4:      kennysheep_little_box, overflow_temple_1_default, first_ration
D:5:      nicolae_ru_sacrificial_ziggurat, kiku_gazebo_garden_becter
D:6:      cheibrodos_steamvent, grunt_dithmenos_smoke_and_mirrors, tgw_sif,
          overflow_temple_1_default, minmay_temple_entry_crystal_x,
          portal_sewer_entry_e, serial_shops, shop_statue, uniq_blork_the_orc
Temple:   corrupted_temple
Sewer:    kennysheep_pipe_town

Skill      XL: |  1  2  3  4  5  6  7  8 |
---------------+-------------------------+-----
Stealth        | 6 7 8 9 11 12 14 | 14.3
Short Blades   | 3 4 5 6 7 |  7.2
Fighting       | |  1.5
Throwing       | |  2.0
Dodging        | |  1.5

Action                   |  1- 3 |  4- 6 |  7- 9 || total
-------------------------+-------+-------+-------++-------
Melee: Dagger            |   117 |   226 |   406 ||   749
 Fire: Blowgun           |       |     1 |    18 ||    19
Throw: Stone             |    16 |     3 |    19 ||    38
       Tomahawk          |       |    18 |    33 ||    51
  Use: Scroll            |       |     4 |     6 ||    10
       Potion            |       |     1 |     3 ||     4
 Stab: Sleeping          |    12 |    25 |    18 ||    55
       Distracted        |     1 |     1 |     2 ||     4
  Eat: Ration            |       |     1 |     3 ||     4
Armor: Robe              |    21 |    18 |    23 ||    62
Dodge: Dodged            |    86 |   132 |   198 ||   416

Table legend:
 A = Spawn XP
 B = Non-spawn XP
 C = Spawn XP percentage of total XP
 D = Spawn monster count
 E = Non-spawn monster count
 F = Spawn count percentage of total count
 G = Total turns spent on level
                    A         B        C        D         E        F      G
               +---------+---------+-------+---------+---------+-------+---------
         Total |       0 |    2295 |   0.0 |       0 |     149 |   0.0 |  9150
               +---------+---------+-------+---------+---------+-------+---------
           D:1 |       0 |      51 |   0.0 |       0 |      26 |   0.0 |  1086
           D:2 |       0 |     112 |   0.0 |       0 |      24 |   0.0 |   948
           D:3 |       0 |      84 |   0.0 |       0 |      27 |   0.0 |  1861
           D:4 |       0 |     606 |   0.0 |       0 |      20 |   0.0 |  2212
           D:5 |       0 |     611 |   0.0 |       0 |      14 |   0.0 |  1148
           D:6 |       0 |     411 |   0.0 |       0 |      14 |   0.0 |   823
         Sewer |       0 |     420 |   0.0 |       0 |      24 |   0.0 |   999
               +---------+---------+-------+---------+---------+-------+---------
